[Event "LOTTO POL-ch Men 2019"]
[Site "Warsaw"]
[Date "2019.05.11"]
[Round "1.2"]
[White "Gajewski, Grzegorz"]
[Black "Sadzikowski, Daniel"]
[Result "1-0"]
[ECO "D61"]
[WhiteElo "2613"]
[BlackElo "2522"]
[Annotator "ChessBase"]
[PlyCount "98"]
[EventDate "2019.05.11"]
[EventType "tourn"]
[EventCountry "POL"]
[SourceTitle "playchess.com"]
[Source "ChessBase"]
[SourceQuality "1"]
[TimeControl "40/5400+30:1800+30"]

1. d4 Nf6 2. c4 e6 3. Nc3 d5 4. Bg5 Be7 5. Nf3 O-O 6. e3 Nbd7 7. Qc2 h6 8. cxd5 exd5 9. Bf4 c5 10. Be2 b6 11. O-O Bb7 12. Rfd1 Rc8 13. Qf5 c4 14. Ne5 Bb4 15. Bf3 Bxc3 16. bxc3 Qe7 17. a4 Qe6 18. Qxe6 fxe6 19. a5 Nxe5 20. Bxe5 b5 21. a6 Bc6 22. Bd6 Rf7 23. Rdb1 g5 24. h3 Ne4 25. Bb4 Kg7 26. Rb2 Kg6 27. Bg4 Re8 28. Bd1 h5 29. f3 Ng3 30. Bc2+ Kh6 31. Re1 Rd8 32. Bb1 h4 33. e4 dxe4 34. fxe4 Rdd7 35. d5 exd5 36. e5 Rd8 37. e6 Re8 38. Rf2 Rxf2 39. Kxf2 Kg7 40. Bc5 Kf6 41. e7 b4 42. Bxa7 bxc3 43. Bc5 Nf5 44. a7 Ba4 45. Bxf5 Kxf5 46. Ke3 Ke5 47. a8=Q Rxa8 48. Ra1 c2 49. Kd2 c3+ 1-0

[Event "LOTTO POL-ch Men 2019"]
[Site "Warsaw"]
[Date "2019.05.11"]
[Round "1.5"]
[White "Bartel, Mateusz"]
[Black "Janik, Igor"]
[Result "1-0"]
[ECO "B52"]
[WhiteElo "2598"]
[BlackElo "2469"]
[Annotator "ChessBase"]
[PlyCount "43"]
[EventDate "2019.05.11"]
[EventType "tourn"]
[EventCountry "POL"]
[SourceTitle "playchess.com"]
[Source "ChessBase"]
[SourceQuality "1"]
[TimeControl "40/5400+30:1800+30"]

1. e4 c5 2. Nf3 d6 3. Bb5+ Bd7 4. a4 Nf6 5. d3 g6 6. O-O Bg7 7. e5 dxe5 8. Nxe5 O-O 9. Nxd7 Nfxd7 10. Nc3 Ne5 11. f4 a6 12. fxe5 axb5 13. e6 Bxc3 14. exf7+ Rxf7 15. bxc3 Rxf1+ 16. Qxf1 Rxa4 17. Rb1 Qb6 18. Bg5 Nc6 19. Qf2 Ra8 20. Rf1 Kh8 21. Bh6 Rg8 22. Qf8 1-0

[Event "LOTTO POL-ch Men 2019"]
[Site "Warsaw"]
[Date "2019.05.12"]
[Round "2.4"]
[White "Sadzikowski, Daniel"]
[Black "Gumularz, Szymon"]
[Result "1-0"]
[ECO "C54"]
[WhiteElo "2522"]
[BlackElo "2483"]
[Annotator "ChessBase"]
[PlyCount "109"]
[EventDate "2019.05.11"]
[EventType "tourn"]
[EventCountry "POL"]
[SourceTitle "playchess.com"]
[Source "ChessBase"]
[SourceQuality "1"]
[TimeControl "40/5400+30:1800+30"]

1. e4 e5 2. Nf3 Nc6 3. Bc4 Bc5 4. c3 Nf6 5. d3 d6 6. O-O h6 7. b4 Bb6 8. a4 a5 9. b5 Ne7 10. Re1 O-O 11. Nbd2 Ng6 12. d4 Re8 13. Qb3 Be6 14. Bxe6 Rxe6 15. d5 Re8 16. Nc4 Bc5 17. b6 cxb6 18. Ba3 Qc7 19. Bxc5 Qxc5 20. Nfd2 Ra6 21. Qa3 Qxa3 22. Rxa3 Rd8 23. Rb1 Nf4 24. f3 Kf8 25. Kf2 Ke7 26. Nxb6 Nd3+ 27. Ke3 Nc5 28. Rb5 Nfd7 29. Nxd7 Kxd7 30. Nb3 b6 31. Nxc5+ dxc5 32. c4 Kc7 33. Rb2 Raa8 34. g3 Rd6 35. f4 Re8 36. Rf2 f6 37. f5 Rh8 38. Rb3 Rdd8 39. Kf3 Rd6 40. Rfb2 Rh7 41. Rb1 h5 42. h4 Rh8 43. g4 hxg4+ 44. Kxg4 Rh6 45. h5 Rh8 46. Kh4 Rh7 47. Rb5 Rh8 48. R5b3 Rh7 49. Rg3 Rd7 50. Rg6 Rf7 51. h6 Rh8 52. Kh5 gxh6 53. Rbg1 Kd6 54. Rg8 Rhh7 55. R1g6 1-0

[Event "LOTTO POL-ch Men 2019"]
[Site "Warsaw"]
[Date "2019.05.16"]
[Round "6.5"]
[White "Gumularz, Szymon"]
[Black "Socko, Bartosz"]
[Result "1-0"]
[ECO "C42"]
[WhiteElo "2483"]
[BlackElo "2627"]
[Annotator "ChessBase"]
[PlyCount "215"]
[EventDate "2019.05.11"]
[EventType "tourn"]
[EventCountry "POL"]
[SourceTitle "playchess.com"]
[Source "ChessBase"]
[SourceQuality "1"]
[TimeControl "40/5400+30:1800+30"]

1. e4 e5 2. Nf3 Nf6 3. Nxe5 d6 4. Nf3 Nxe4 5. d4 d5 6. Bd3 Nc6 7. O-O Be7 8. Nbd2 Nxd2 9. Bxd2 Bg4 10. c3 O-O 11. h3 Bh5 12. g3 Qd7 13. Kg2 Bg6 14. Bxg6 fxg6 15. Qe2 Rae8 16. Rae1 Bd6 17. Qd3 Qf5 18. Qxf5 gxf5 19. g4 Nd8 20. Nh4 fxg4 21. hxg4 Nf7 22. f4 c6 23. f5 Be7 24. Nf3 Nd6 25. Ne5 Ne4 26. Bf4 Bh4 27. Re2 Bf6 28. Rfe1 a6 29. Nd7 Rf7 30. Nc5 Rfe7 31. Nxe4 Rxe4 32. Rxe4 dxe4 33. Be5 Kf7 34. Rxe4 h5 35. gxh5 Rh8 36. Bxf6 Kxf6 37. Re6+ Kf7 38. Rd6 Ke7 39. Rg6 Kf7 40. Rg5 Kf6 41. Rg6+ Kf7 42. Rd6 Ke7 43. Re6+ Kf7 44. d5 cxd5 45. Rb6 Rxh5 46. Rxb7+ Kf6 47. Rb6+ Kxf5 48. Rxa6 Rh8 49. Rb6 Ra8 50. a3 Ke4 51. Rb4+ Kd3 52. Kf3 Rf8+ 53. Kg4 Re8 54. Kf5 Re4 55. Rb7 Kc2 56. Rb5 Re1 57. a4 Rf1+ 58. Ke5 g5 59. Kxd5 g4 60. Rb4 Rf5+ 61. Ke6 Rg5 62. Kf6 Rg8 63. Kf7 Rg5 64. Kf6 Rg8 65. Kf7 Rg5 66. Rb5 Rxb5 67. axb5 g3 68. b6 g2 69. b7 g1=Q 70. b8=Q Qf2+ 71. Ke6 Qe2+ 72. Qe5 Qc4+ 73. Qd5 Qc8+ 74. Ke5 Qb8+ 75. Ke4 Qe8+ 76. Kd4 Qh8+ 77. Qe5 Qd8+ 78. Qd5 Qf6+ 79. Kc5 Kxb2 80. c4 Kc3 81. Kb5 Qf4 82. c5 Qb8+ 83. Ka6 Qc8+ 84. Kb6 Qb8+ 85. Qb7 Qd8+ 86. Qc7 Qd4 87. Qd6 Qf2 88. Qd5 Kb4 89. Qe4+ Ka3 90. Kb5 Qf1+ 91. Qc4 Qf5 92. Kb6 Qf8 93. Qd3+ Kb4 94. Qd4+ Kb3 95. c6 Qb8+ 96. Ka6 Qc8+ 97. Kb5 Qe8 98. Qd7 Qe5+ 99. Ka6 Qe2+ 100. Ka7 Qe3+ 101. Kb8 Qf4+ 102. c7 Qb4+ 103. Ka7 Qa5+ 104. Kb7 Qb4+ 105. Ka6 Qa3+ 106. Kb6 Ka2 107. Qd5+ Ka1 108. Qa5 1-0

[Event "LOTTO POL-ch Men 2019"]
[Site "Warsaw"]
[Date "2019.05.18"]
[Round "8.5"]
[White "Socko, Bartosz"]
[Black "Bartel, Mateusz"]
[Result "1/2-1/2"]
[ECO "C58"]
[WhiteElo "2627"]
[BlackElo "2598"]
[Annotator "RC"]
[PlyCount "117"]
[EventDate "2019.05.11"]
[EventType "tourn"]
[EventCountry "POL"]
[SourceTitle "playchess.com"]
[Source "ChessBase"]
[SourceQuality "1"]
[TimeControl "40/5400+30:1800+30"]

1. e4 e5 2. Nf3 Nc6 3. Bc4 Nf6 4. Ng5 d5 5. exd5 Na5 6. Bb5+ c6 7. dxc6 bxc6 8. Bd3 Nd5 9. Nf3 Nf4 10. Bf1 e4 11. d3 exf3 12. Bxf4 Qf6 13. Qxf3 Qxb2 14. Qe2+ Be6 15. Be5 Qc1+ 16. Qd1 Qg5 17. Bc3 O-O-O 18. Be2 Qxg2 19. Bf3 Qg5 20. Qd2 Qc5 21. Qe3 Qb6 22. Qxb6 axb6 23. Nd2 Bd5 24. Rg1 f6 25. Rb1 Kc7 26. Bxd5 Rxd5 27. Ne4 h5 28. Bd2 h4 29. Ke2 Rhh5 30. Bb4 c5 31. Bxa5 bxa5 32. c4 Rd7 33. Rb5 Re5 34. f4 Re6 35. f5 Re5 36. Rgb1 Kd8 37. Rxa5 Ke8 38. Rf1 g6 39. fxg6 f5 40. Ra8+ Ke7 41. Rf3 Bg7 42. Kf2 fxe4 43. Rf7+ Ke6 44. Ra6+ Rd6 45. Rxd6+ Kxd6 46. Rxg7 exd3 47. Rb7 Re2+ 48. Kf3 Rxh2 49. Rb8 Rh3+ 50. Kg4 Rg3+ 51. Kxh4 Rg1 52. Kh5 Ke7 53. Rb2 Kf6 54. Rd2 Rh1+ 55. Kg4 Kxg6 56. Rxd3 Rc1 57. Kf4 Kf6 58. Rd6+ Ke7 59. Rc6 1/2-1/2